[Event "3rd FIDE WCCC Rapid U12 2019"]
[Site "Minsk"]
[Date "2019.08.16"]
[Round "1.1"]
[White "Cherniaiev, Tykhon"]
[Black "Barnett-Harris, Lucas"]
[Result "1-0"]
[ECO "B24"]
[WhiteElo "2112"]
[BlackElo "1295"]
[Annotator "ChessBase"]
[PlyCount "107"]
[EventDate "2019.08.16"]
[EventType "swiss"]
[EventCountry "BLR"]
[SourceTitle "playchess.com"]
[Source "ChessBase"]
[SourceQuality "1"]
[TimeControl "600+5"]

1. e4 c5 2. Nc3 Nc6 3. Bb5 e6 4. Nge2 Nge7 5. O-O g6 6. d3 Bg7 7. Be3 b6 8. Qd2 O-O 9. Bh6 Bb7 10. Bxg7 Kxg7 11. Rad1 d5 12. exd5 Nxd5 13. Ne4 Nf6 14. Qf4 Nd5 15. Qg3 Rc8 16. Nd6 Qc7 17. Nxc8 Qxg3 18. hxg3 Rxc8 19. a3 Rd8 20. Rfe1 Nde7 21. c3 Nf5 22. Bxc6 Bxc6 23. d4 cxd4 24. Nxd4 Nxd4 25. Rxd4 Rxd4 26. cxd4 Bd5 27. Rc1 a6 28. Rc7 a5 29. Ra7 Bc4 30. f3 Bb3 31. Rb7 a4 32. Rxb6 h6 33. Rxb3 axb3 34. a4 Kf8 35. a5 Ke7 36. a6 Kd7 37. a7 Kc7 38. a8=Q h5 39. Qf8 Kc6 40. Qxf7 Kd5 41. Qf6 Kc4 42. Qxe6+ Kxd4 43. Qxb3 Kc5 44. Qe6 Kb4 45. Kf2 Kc5 46. Ke3 g5 47. Qe5+ Kc6 48. Kd4 Kb6 49. Kc4 Kc6 50. Qe6+ Kc7 51. Kc5 Kb7 52. Qd7+ Kb8 53. Kb6 Ka8 54. Qc8# 1-0

[Event "3rd FIDE WCCC Rapid U12 2019"]
[Site "Minsk"]
[Date "2019.08.16"]
[Round "1.3"]
[White "Mochalov, Dmitriy"]
[Black "Gizunov, Stepan"]
[Result "1-0"]
[ECO "C62"]
[WhiteElo "1852"]
[BlackElo "1349"]
[Annotator "NA"]
[PlyCount "65"]
[EventDate "2019.08.16"]
[EventType "swiss"]
[EventCountry "BLR"]
[SourceTitle "playchess.com"]
[Source "ChessBase"]
[SourceQuality "1"]
[TimeControl "600+5"]

1. e4 e5 2. Nf3 Nc6 3. Bb5 d6 4. c3 Nf6 5. O-O Be7 6. Re1 O-O 7. h3 a6 8. Ba4 b5 9. Bc2 Bb7 10. d4 exd4 11. Nxd4 Nxd4 12. cxd4 c6 13. Nd2 Qb6 14. Nf3 Rfe8 15. Bg5 h6 16. Bf4 Rad8 17. Qd3 d5 18. e5 Ne4 19. Nd2 f5 20. exf6 Bxf6 21. Nxe4 dxe4 22. Rxe4 Rxe4 23. Qxe4 Qxd4 24. Qh7+ Kf8 25. Bb3 Rd7 26. Qg8+ Ke7 27. Re1+ Be5 28. Rxe5+ Qxe5 29. Bxe5 c5 30. Qxg7+ Ke8 31. Qg6+ Ke7 32. Qf7+ Kd8 33. Qf8# 1-0

[Event "3rd FIDE WCCC Rapid U12 2019"]
[Site "Minsk"]
[Date "2019.08.16"]
[Round "1.4"]
[White "Krukouski, Serafim"]
[Black "Israfilov, Ali"]
[Result "0-1"]
[ECO "B40"]
[WhiteElo "1366"]
[BlackElo "1857"]
[Annotator "NA"]
[PlyCount "62"]
[EventDate "2019.08.16"]
[EventType "swiss"]
[EventCountry "BLR"]
[SourceTitle "playchess.com"]
[Source "ChessBase"]
[SourceQuality "1"]
[TimeControl "600+5"]

1. e4 c5 2. Nf3 e6 3. c3 d5 4. exd5 Qxd5 5. d4 Nf6 6. Bb5+ Bd7 7. Bxd7+ Nbxd7 8. O-O Be7 9. dxc5 Bxc5 10. Bf4 O-O 11. Nbd2 e5 12. Bg3 e4 13. Ne1 e3 14. fxe3 Bxe3+ 15. Rf2 Bxf2+ 16. Bxf2 Rfe8 17. c4 Qf5 18. Ndf3 Ne5 19. Qb3 b6 20. Rd1 Rad8 21. Rxd8 Rxd8 22. Qa4 Nxf3+ 23. Nxf3 Qb1+ 24. Be1 Re8 25. Kf2 Qxb2+ 26. Bd2 Rd8 27. Ke2 Ne4 28. Qb4 Rxd2+ 29. Nxd2 Qxb4 30. Nxe4 Qxc4+ 31. Ke3 Qxa2 0-1

[Event "3rd FIDE WCCC Rapid U12 2019"]
[Site "Minsk"]
[Date "2019.08.16"]
[Round "1.5"]
[White "Tobak, Mikhail"]
[Black "Shkurdiuk, Timofei"]
[Result "1-0"]
[ECO "A05"]
[WhiteElo "1998"]
[BlackElo "1366"]
[Annotator "NA"]
[PlyCount "49"]
[EventDate "2019.08.16"]
[EventType "swiss"]
[EventCountry "BLR"]
[SourceTitle "playchess.com"]
[Source "ChessBase"]
[SourceQuality "1"]
[TimeControl "600+5"]

1. Nf3 Nf6 2. g3 g6 3. Bg2 Bg7 4. d3 O-O 5. e4 d6 6. O-O e5 7. Nc3 Nc6 8. Ne1 Bg4 9. f3 Be6 10. f4 Nd4 11. Nf3 Bg4 12. Qd2 Nxf3+ 13. Bxf3 Bxf3 14. Rxf3 Nd7 15. f5 c6 16. Qg2 h6 17. h4 Qe7 18. Bd2 Kh7 19. Raf1 Rad8 20. g4 g5 21. hxg5 hxg5 22. Qh3+ Kg8 23. f6 Bxf6 24. Rxf6 Nxf6 25. Bxg5 1-0

[Event "3rd FIDE WCCC Rapid U12 2019"]
[Site "Minsk"]
[Date "2019.08.16"]
[Round "1.6"]
[White "Kisko, Saveli"]
[Black "Navumenka, Mikhei"]
[Result "0-1"]
[ECO "B15"]
[WhiteElo "1365"]
[BlackElo "2148"]
[Annotator "ChessBase"]
[PlyCount "166"]
[EventDate "2019.08.16"]
[EventType "swiss"]
[EventCountry "BLR"]
[SourceTitle "playchess.com"]
[Source "ChessBase"]
[SourceQuality "1"]
[TimeControl "600+5"]

1. e4 c6 2. d4 d5 3. Nc3 dxe4 4. Nxe4 Nf6 5. Nxf6+ exf6 6. Nf3 Bd6 7. c3 O-O 8. Be2 Bf5 9. O-O Nd7 10. a3 h6 11. Be3 Re8 12. Bd3 Bxd3 13. Qxd3 c5 14. dxc5 Nxc5 15. Qe2 Qc7 16. h3 a6 17. Nd4 Bf4 18. Bxf4 Qxf4 19. Qf3 Qxf3 20. Nxf3 Re2 21. b4 Na4 22. Nd4 Rd2 23. Rfc1 Rc8 24. b5 Nxc3 25. Nf3 Ne2+ 26. Kf1 Nxc1 27. Nxd2 axb5 28. Ne4 Nb3 29. Rb1 Nd4 30. Nd6 Rc5 31. Nxb7 Rc3 32. Nd6 Rc5 33. Ne4 Re5 34. Nc3 f5 35. Kg1 Rc5 36. Na2 Rc4 37. Nb4 Rc3 38. Nd5 Rxa3 39. Kf1 g6 40. Ke1 Kg7 41. Kd2 g5 42. Nc3 Ra5 43. Kd3 Ne6 44. Nxb5 Nf4+ 45. Kd4 Nxg2 46. Nc3 Nf4 47. Rh1 Kg6 48. h4 Ne6+ 49. Ke3 Ra3 50. Kd2 g4 51. h5+ Kg5 52. Kc2 Nf4 53. Kb2 Ra6 54. f3 Nxh5 55. fxg4 fxg4 56. Ne4+ Kg6 57. Rh4 f5 58. Nc3 Kg5 59. Rh1 Nf4 60. Rg1 h5 61. Kc2 Rc6 62. Kd2 Rxc3 63. Kxc3 Ne2+ 64. Kd2 Nxg1 65. Ke1 h4 66. Kf2 g3+ 67. Kxg1 Kg4 68. Kg2 h3+ 69. Kf1 Kf3 70. Ke1 g2 71. Kd2 g1=Q 72. Kc3 Qd1 73. Kc4 Ke4 74. Kc3 Qc1+ 75. Kb4 Kd4 76. Kb5 Qc4+ 77. Kb6 Qd5 78. Ka6 Qc5 79. Kb7 Qd6 80. Kc8 Qe7 81. Kb8 Kc5 82. Kc8 Kb6 83. Kb8 Qd8# 0-1

[Event "3rd FIDE WCCC Rapid U12 2019"]
[Site "Minsk"]
[Date "2019.08.16"]
[Round "2.1"]
[White "Gasanov, Vadim"]
[Black "Cherniaiev, Tykhon"]
[Result "0-1"]
[ECO "C60"]
[WhiteElo "1667"]
[BlackElo "2112"]
[Annotator "ChessBase"]
[PlyCount "112"]
[EventDate "2019.08.16"]
[EventType "swiss"]
[EventCountry "BLR"]
[SourceTitle "playchess.com"]
[Source "ChessBase"]
[SourceQuality "1"]
[TimeControl "600+5"]

1. e4 e5 2. Nf3 Nc6 3. Bb5 g6 4. O-O Bg7 5. c3 Nge7 6. d4 exd4 7. cxd4 d5 8. exd5 Nxd5 9. Re1+ Be6 10. Ng5 O-O 11. Nxe6 fxe6 12. Bxc6 bxc6 13. Qg4 Qf6 14. Qg3 Qxd4 15. Nc3 Nxc3 16. bxc3 Qxc3 17. Be3 Qa5 18. Rac1 Rad8 19. Qg4 Rfe8 20. Qc4 Rd6 21. Bc5 Rd5 22. Bb4 Qb5 23. Qxc6 Qxc6 24. Rxc6 Be5 25. g3 Kf7 26. f4 Bd4+ 27. Kg2 Bb6 28. Rec1 e5 29. fxe5 Rexe5 30. Rf1+ Rf5 31. Re1 Rde5 32. Rd1 Re2+ 33. Kh3 Rh5+ 34. Kg4 Re4+ 35. Kf3 Rxb4 36. Rd7+ Ke8 37. Rd2 Rf5+ 38. Kg2 Re4 39. h3 Rfe5 40. Rcc2 Ke7 41. g4 h5 42. gxh5 gxh5 43. Kg3 Re3+ 44. Kf4 R3e4+ 45. Kf3 Rd4 46. Rxd4 Bxd4 47. Rxc7+ Kd6 48. Rc4 Kd5 49. Ra4 Re3+ 50. Kg2 Ke4 51. Ra5 h4 52. Rh5 Re2+ 53. Kf1 Rxa2 54. Rxh4+ Kf3 55. Rxd4 Ra1+ 56. Rd1 Rxd1# 0-1

[Event "3rd FIDE WCCC Rapid U12 2019"]
[Site "Minsk"]
[Date "2019.08.16"]
[Round "2.2"]
[White "Khubukshanov, Erdem"]
[Black "Baryschyk, Sergey"]
[Result "1-0"]
[ECO "B45"]
[WhiteElo "2257"]
[BlackElo "1773"]
[Annotator "RC"]
[PlyCount "179"]
[EventDate "2019.08.16"]
[EventType "swiss"]
[EventCountry "BLR"]
[SourceTitle "playchess.com"]
[Source "ChessBase"]
[SourceQuality "1"]
[TimeControl "600+5"]

1. e4 c5 2. Nf3 e6 3. d4 cxd4 4. Nxd4 Nf6 5. Nc3 Nc6 6. Ndb5 Bb4 7. Nd6+ Ke7 8. Nxc8+ Rxc8 9. Bd2 Bxc3 10. Bxc3 Nxe4 11. Bxg7 Rg8 12. Bd3 Qa5+ 13. c3 Rxg7 14. Bxe4 Qe5 15. Qe2 d5 16. Bf3 Qxe2+ 17. Kxe2 Ne5 18. Rhd1 a6 19. a4 Nc4 20. Rab1 Nb6 21. Rd4 Rc4 22. Rxc4 Nxc4 23. b3 Ne5 24. g3 Rg8 25. Bg2 Rc8 26. Rc1 Kf6 27. f4 Nd7 28. Kd2 Nc5 29. Rb1 h5 30. Ke3 h4 31. Kd4 hxg3 32. hxg3 b6 33. Bf3 Rg8 34. a5 Rxg3 35. axb6 Nd7 36. Be2 Nxb6 37. Bxa6 Rg4 38. Kc5 Nd7+ 39. Kd6 Nf8 40. f5 Kxf5 41. Rf1+ Kg6 42. Ke7 Nh7 43. Bd3+ Kh6 44. Rh1+ Kg5 45. Rxh7 Kf4 46. Rxf7+ Ke3 47. Bb5 e5 48. Kd6 d4 49. cxd4 exd4 50. Re7+ Kd2 51. Kc5 Kc3 52. Bc4 Rg5+ 53. Kb6 Rg6+ 54. Ka5 Rg5+ 55. Ka4 Rg3 56. Rd7 Rg1 57. Kb5 Rg5+ 58. Rd5 Rg7 59. Kc5 Rc7+ 60. Kd6 Rc8 61. Rc5 Rd8+ 62. Ke7 Rh8 63. Bf7+ Kd2 64. Bg6 Rb8 65. Rc2+ Ke3 66. Rb2 d3 67. Kd6 Rd8+ 68. Kc5 d2 69. Bh5 Rc8+ 70. Kd6 Rd8+ 71. Kc7 d1=Q 72. Bxd1 Rxd1 73. b4 Kd4 74. b5 Rc1+ 75. Kb6 Kd5 76. Rd2+ Ke6 77. Ka6 Ra1+ 78. Kb7 Rb1 79. b6 Rb3 80. Kc7 Rc3+ 81. Kb8 Rb3 82. b7 Rb1 83. Rd4 Rb2 84. Kc7 Rc2+ 85. Kb6 Rb2+ 86. Kc6 Rb1 87. Re4+ Kf5 88. Re8 Rc1+ 89. Kd5 Rd1+ 90. Kc4 1-0

[Event "3rd FIDE WCCC Rapid U12 2019"]
[Site "Minsk"]
[Date "2019.08.16"]
[Round "2.3"]
[White "Sadekov, Maksim"]
[Black "Mochalov, Dmitriy"]
[Result "0-1"]
[ECO "E73"]
[WhiteElo "1558"]
[BlackElo "1852"]
[Annotator "NA"]
[PlyCount "72"]
[EventDate "2019.08.16"]
[EventType "swiss"]
[EventCountry "BLR"]
[SourceTitle "playchess.com"]
[Source "ChessBase"]
[SourceQuality "1"]
[TimeControl "600+5"]

1. d4 Nf6 2. c4 g6 3. Nc3 Bg7 4. e4 d6 5. Bg5 O-O 6. Be2 Nbd7 7. Qd2 e5 8. d5 Nc5 9. f3 a5 10. g4 h6 11. Bxh6 Nfxe4 12. Bxg7 Nxd2 13. Bxf8 Nxf3+ 14. Nxf3 Qxf8 15. Nd2 Qh6 16. O-O-O a4 17. h4 Qe3 18. Kc2 a3 19. b3 Bxg4 20. Nf1 Bf5+ 21. Bd3 Bxd3+ 22. Rxd3 Qxd3+ 23. Kc1 Qxc3+ 24. Kd1 Qa1+ 25. Ke2 Qxa2+ 26. Kf3 Qxb3+ 27. Kg4 Qxc4+ 28. Kg3 Ne4+ 29. Kf3 Qxf1+ 30. Rxf1 Nd2+ 31. Ke2 Nxf1 32. Kxf1 a2 33. Kf2 a1=Q 34. h5 Ra3 35. hxg6 Qb2+ 36. Ke1 Ra1# 0-1

[Event "3rd FIDE WCCC Rapid U12 2019"]
[Site "Minsk"]
[Date "2019.08.16"]
[Round "2.4"]
[White "Israfilov, Ali"]
[Black "Maranin, Sergey"]
[Result "1-0"]
[ECO "E91"]
[WhiteElo "1857"]
[BlackElo "1500"]
[Annotator "NA"]
[PlyCount "53"]
[EventDate "2019.08.16"]
[EventType "swiss"]
[EventCountry "BLR"]
[SourceTitle "playchess.com"]
[Source "ChessBase"]
[SourceQuality "1"]
[TimeControl "600+5"]

1. d4 Nf6 2. c4 d6 3. Nc3 g6 4. e4 Bg7 5. Nf3 O-O 6. Be2 Nbd7 7. O-O e5 8. Qc2 c6 9. Rd1 Qc7 10. h3 Re8 11. d5 c5 $16 12. a3 a6 13. Be3 Nh5 14. b4 b6 15. Nd2 Nf4 16. Bf1 Nf8 17. bxc5 bxc5 18. Rab1 Bd7 19. Rb2 Rab8 20. Rdb1 Rxb2 21. Qxb2 Qa5 22. Nb3 Qc7 23. Nc1 Qa5 24. Bd2 Ba4 25. Qb6 Qxb6 26. Rxb6 Bc2 27. Rb2 1-0

[Event "3rd FIDE WCCC Rapid U12 2019"]
[Site "Minsk"]
[Date "2019.08.16"]
[Round "2.5"]
[White "Kurchenko, Egor"]
[Black "Tobak, Mikhail"]
[Result "1-0"]
[ECO "B03"]
[WhiteElo "1850"]
[BlackElo "1998"]
[Annotator "NA"]
[PlyCount "115"]
[EventDate "2019.08.16"]
[EventType "swiss"]
[EventCountry "BLR"]
[SourceTitle "playchess.com"]
[Source "ChessBase"]
[SourceQuality "1"]
[TimeControl "600+5"]

1. e4 Nf6 2. e5 Nd5 3. d4 d6 4. exd6 cxd6 5. Nf3 g6 6. c3 Bg7 7. Bc4 Nb6 8. Bb3 O-O 9. O-O Nc6 10. Re1 Bf5 {[%emt 0:00:30] B04: Alekhine's Defence: 4 Nf3} 11. Bg5 (11. Na3 Qd7 12. Bc2 Bxc2 13. Nxc2 Rac8 14. Ne3 e5 15. dxe5 dxe5 16. Qxd7 Nxd7 17. Nc4 f5 18. Nd6 {1-0 (50) Grischuk,A (2747)-Bortnyk,O (2579) ICC INT 2016}) 11... h6 12. Be3 Qc7 $146 ({Predecessor:} 12... Na5 13. Bc2 Bxc2 14. Qxc2 Nac4 15. Bc1 Rc8 16. Nbd2 e5 17. Nxc4 Nxc4 18. dxe5 dxe5 {1-0 (48) Kosteniuk,A (2552)-Fier,A (2573) Bastia 2017}) 13. Nh4 Bxb1 14. Rxb1 d5 15. Qd2 Kh7 16. Bc2 e6 17. Qd3 f5 18. Bd2 Qf7 19. Nf3 Nc4 20. Bf4 Kh8 21. h4 Rad8 22. h5 Rde8 23. hxg6 Qxg6 24. Nh4 Qg4 25. g3 Rg8 $18 (25... Bf6) 26. Bd1 Qh3 27. Bh5 Bf6 28. Bxe8 Rxe8 29. Nxf5 e5 30. Nxh6 e4 31. Qe2 Bxd4 32. Nf7+ Kg7 33. Ng5 Qh6 34. Nxe4 Qg6 35. cxd4 Nxd4 36. Qd3 Rxe4 37. Rxe4 Qxe4 38. Qxe4 dxe4 39. b3 Nf3+ 40. Kh1 Nb6 41. Rd1 Kf6 42. Bb8 Kf5 43. Bxa7 Nc8 44. Bc5 b6 45. Rd8 Na7 46. Bxb6 Nc6 47. Rf8+ Ke6 48. Rxf3 exf3 49. Kh2 Kd5 50. g4 Ke4 51. Kg3 Nb4 52. a4 Nd5 53. Bc5 Nc3 54. a5 Ne2+ 55. Kh2 Kd5 56. a6 Kc6 57. a7 Kb7 58. g5 1-0

[Event "3rd FIDE WCCC Rapid U12 2019"]
[Site "Minsk"]
[Date "2019.08.16"]
[Round "2.6"]
[White "Navumenka, Mikhei"]
[Black "Kotelnikov, Konstantin"]
[Result "1/2-1/2"]
[ECO "D78"]
[WhiteElo "2148"]
[BlackElo "1629"]
[Annotator "ChessBase"]
[PlyCount "91"]
[EventDate "2019.08.16"]
[EventType "swiss"]
[EventCountry "BLR"]
[SourceTitle "playchess.com"]
[Source "ChessBase"]
[SourceQuality "1"]
[TimeControl "600+5"]

1. d4 Nf6 2. Nf3 g6 3. c4 Bg7 4. g3 c6 5. Bg2 d5 6. O-O O-O 7. Nbd2 Bf5 8. Qb3 Qb6 9. Qxb6 axb6 10. b3 Ne4 11. Bb2 Nd7 12. Rfd1 Ndf6 13. Ne5 Nxd2 14. Rxd2 Ne4 15. Rdd1 h5 16. a4 Rfd8 17. Rac1 Rac8 18. e3 e6 19. h3 f6 20. Nd3 g5 21. c5 bxc5 22. Bxe4 dxe4 23. Nxc5 b6 24. Na6 Bxh3 25. Ba3 Bf8 26. Bxf8 Kxf8 27. Rc4 Ra8 28. Nb4 c5 29. Nc2 Rac8 30. Rc1 Bf5 31. Na3 e5 32. Nb5 cxd4 33. Rxc8 Rxc8 34. Rxc8+ Bxc8 35. exd4 exd4 36. Nxd4 Ke7 37. f4 exf3 38. Nxf3 Kd6 39. Nd2 Kc5 40. Ne4+ Kb4 41. Nxf6 Kxb3 42. Nd5 Be6 43. Nxb6 Kb4 44. Kf2 Ka5 45. Na8 Kxa4 46. Nc7 1/2-1/2

[Event "3rd FIDE WCCC Rapid U12 2019"]
[Site "Minsk"]
[Date "2019.08.16"]
[Round "3.1"]
[White "Cherniaiev, Tykhon"]
[Black "Mikko, Rondo"]
[Result "1-0"]
[ECO "C54"]
[WhiteElo "2112"]
[BlackElo "1514"]
[Annotator "ChessBase"]
[PlyCount "69"]
[EventDate "2019.08.16"]
[EventType "swiss"]
[EventCountry "BLR"]
[SourceTitle "playchess.com"]
[Source "ChessBase"]
[SourceQuality "1"]
[TimeControl "600+5"]

1. e4 e5 2. Nf3 Nc6 3. Bc4 Bc5 4. c3 Nf6 5. d3 O-O 6. O-O d6 7. Bg5 h6 8. Bh4 Bg4 9. Nbd2 g5 10. Bg3 Nh5 11. Nb3 Nxg3 12. hxg3 Bb6 13. d4 Qf6 14. dxe5 Nxe5 15. Be2 Nxf3+ 16. Bxf3 Bxf3 17. Qxf3 Qxf3 18. gxf3 Kg7 19. Kg2 Rae8 20. g4 Rh8 21. Rh1 d5 22. Nd2 d4 23. Nf1 dxc3 24. bxc3 Rd8 25. a4 Bc5 26. Rh5 Rd3 27. Rc1 a5 28. Rc2 b6 29. Ng3 Kf6 30. Nf5 Bf8 31. Kf1 Kg6 32. Ke2 Rd7 33. Rc1 Bg7 34. Rch1 f6 35. Ke3 1-0

[Event "3rd FIDE WCCC Rapid U12 2019"]
[Site "Minsk"]
[Date "2019.08.16"]
[Round "3.3"]
[White "Mochalov, Dmitriy"]
[Black "Krivenko, Dmitry"]
[Result "0-1"]
[ECO "B01"]
[WhiteElo "1852"]
[BlackElo "1940"]
[Annotator "NA"]
[PlyCount "130"]
[EventDate "2019.08.16"]
[EventType "swiss"]
[EventCountry "BLR"]
[SourceTitle "playchess.com"]
[Source "ChessBase"]
[SourceQuality "1"]
[TimeControl "600+5"]

1. e4 d5 2. e5 c5 3. c3 Nc6 4. Nf3 Bg4 5. d4 e6 6. Be2 Qb6 7. Nbd2 cxd4 8. cxd4 Nge7 {[%emt 0:00:10] B22: Sicilian: 2 c3} (8... Bb4 9. O-O Nge7 10. Nb3 Nf5 11. Be3 O-O 12. Rc1 Rac8 13. h3 Bxf3 14. Bxf3 Be7 15. Bg4 Nxe3 16. fxe3 {½-½ (27) Gremmer,D (1762)-Lehmann,S (1990) Germany 2018}) 9. h3 Bxf3 10. Nxf3 Nf5 11. O-O Nfxd4 12. Nxd4 Qxd4 $146 ({Predecessor:} 12... Nxd4 13. Be3 Nxe2+ 14. Qxe2 Bc5 15. Bxc5 Qxc5 16. Rac1 {0-1 (38) Cameanii,V-Pitre,H Vancouver 2005}) 13. Qb3 Qb6 14. Qa4 Qb4 15. Qxb4 Bxb4 16. a3 Be7 17. Bf4 O-O 18. Bd3 f6 19. exf6 Bxf6 20. Be3 e5 ({Black should play} 20... a6 $17 21. Rfd1 Rfc8) 21. Bf5 Rfe8 22. Bc5 Rad8 23. Rad1 e4 24. Rfe1 b6 25. Be3 g6 26. Bg4 d4 27. Bh6 d3 28. Rd2 Nd4 $19 29. Bd1 g5 30. h4 gxh4 31. Re3 Nf5 32. Bf4 Nxe3 33. fxe3 Rc8 34. Bb3+ Kh8 35. Rf2 Rc1+ 36. Kh2 Be5 37. Bxe5+ Rxe5 38. Rf8+ Kg7 39. Rg8+ Kh6 40. Rg4 d2 41. Rxh4+ Kg5 42. Rxh7 d1=Q 43. Bxd1 Rxd1 44. Rxa7 Rd3 45. Rb7 Rb5 46. Re7 Rxe3 47. b4 Re1 48. Kg3 e3 49. Re4 Kf5 50. Re8 Re5 51. Rf8+ Ke4 52. Rd8 Rg5+ 53. Kh2 e2 54. Re8+ Kf4 55. g3+ Kg4 56. Re4+ Kf5 57. Re3 Kf6 58. Kg2 Re5 59. Rf3+ Rf5 60. Re3 Rff1 61. a4 Rg1+ 62. Kh3 Rh1+ 63. Kg4 Rh2 64. Kf3 Rf1+ 65. Kg4 e1=Q 0-1

[Event "3rd FIDE WCCC Rapid U12 2019"]
[Site "Minsk"]
[Date "2019.08.16"]
[Round "3.5"]
[White "Chyndygyr, Tamerlan"]
[Black "Berin, Artem"]
[Result "1/2-1/2"]
[ECO "A54"]
[WhiteElo "1984"]
[BlackElo "1802"]
[Annotator "NA"]
[PlyCount "196"]
[EventDate "2019.08.16"]
[EventType "swiss"]
[EventCountry "BLR"]
[SourceTitle "playchess.com"]
[Source "ChessBase"]
[SourceQuality "1"]
[TimeControl "600+5"]

1. d4 Nf6 2. c4 d6 3. Nc3 e5 4. Nf3 Nbd7 5. g3 Be7 6. Bg2 O-O 7. O-O c6 8. b3 a5 {[%emt 0:00:12] A54: Old Indian Defence with Nf3, but without e4} (8... Re8 9. Bb2 e4 10. Ne1 d5 11. cxd5 cxd5 12. Nc2 Nb8 13. Qd2 Nc6 14. Rac1 Be6 15. Ba3 Bxa3 16. Nxa3 Rc8 17. Nc2 Qa5 18. Ne3 Rc7 {0-1 (56) Leenhouts,K (2377)-Lobron,E (2530) Amsterdam 2017}) 9. Bb2 Re8 10. Qc2 Bf8 11. Rad1 Qc7 12. Rfe1 $146 ({Predecessor:} 12. e4 exd4 13. Nxd4 Nc5 14. h3 Bd7 15. Nf5 Bxf5 16. exf5 Qb6 17. Na4 Nxa4 18. bxa4 {1-0 (41) Tomazini,A (2359)-Majer,J (2188) Pardubice 2016}) 12... exd4 13. Nxd4 Nc5 14. a3 Ne6 15. Nf5 Nc5 16. Ne3 Be6 17. b4 Ncd7 18. Ne4 Be7 19. Ng5 Bf8 20. c5 d5 21. f4 h6 $11 22. Nf3 Bg4 23. Ne5 Nxe5 24. Bxe5 Rxe5 25. fxe5 Qxe5 26. Nxg4 Nxg4 27. e4 d4 28. Qd3 axb4 29. axb4 Rd8 30. Qf3 Qg5 31. h4 Qg6 32. e5 Be7 33. Re4 h5 34. Rexd4 Rxd4 35. Rxd4 Nxe5 36. Qf4 Bf6 37. Be4 Qg4 38. Qxe5 Qc8 39. Qxh5 Bxd4+ 40. Kg2 g6 41. Qd1 Qd8 42. Qd3 Bf6 43. Qxd8+ Bxd8 44. Kf3 Bf6 45. Ke3 Kf8 46. b5 cxb5 47. Bxb7 Ke7 48. Ba6 b4 49. Bc4 Be5 50. g4 Bf6 51. h5 gxh5 52. gxh5 Bg5+ 53. Ke4 Kd7 54. Bd5 f6 55. Kd4 Kc7 56. Kc4 Bd2 57. Be4 Kd7 58. Bf5+ Kc7 59. Be6 Kc6 60. Bd5+ Kd7 61. Kd3 Bg5 62. Kc4 Bd2 63. Be4 Kc7 64. Bc2 Kc6 65. Ba4+ Kc7 66. Kd5 Be3 67. Bc2 Kd7 68. Bf5+ Kc7 69. Kc4 Bd2 70. Bc2 Kc6 71. Be4+ Kc7 72. Bd5 Kd7 73. Kb5 Kc7 74. Be6 Kb7 75. Bc4 Kc7 76. Bd5 Kd7 77. Be4 Kc7 78. Bd5 f5 79. Be6 f4 80. Bd5 b3 81. Bxb3 f3 82. Bd5 f2 83. Bg2 Be3 84. Kc4 Kd7 85. Kd5 Kc7 86. Bh3 Bh6 87. Bf1 Be3 88. Bb5 Bh6 89. Ke4 Bf8 90. c6 f1=Q 91. Bxf1 Kxc6 92. Kf5 Kd7 93. Kg6 Ke7 94. Bc4 Ke8 95. Bb5+ Kd8 96. Kf7 Ba3 97. h6 Bb2 98. h7 Kc7 1/2-1/2

[Event "3rd FIDE WCCC Rapid U12 2019"]
[Site "Minsk"]
[Date "2019.08.16"]
[Round "3.6"]
[White "Yatchenko, Leonid"]
[Black "Saveljev, Ivan"]
[Result "1/2-1/2"]
[ECO "B34"]
[WhiteElo "1587"]
[BlackElo "2040"]
[Annotator "NA"]
[PlyCount "129"]
[EventDate "2019.08.16"]
[EventType "swiss"]
[EventCountry "BLR"]
[SourceTitle "playchess.com"]
[Source "ChessBase"]
[SourceQuality "1"]
[TimeControl "600+5"]

1. e4 c5 2. Nf3 Nc6 3. d4 cxd4 4. Nxd4 Nf6 5. Nc3 e5 6. Ndb5 d6 7. a4 a6 8. Na3 Be6 9. Bg5 Be7 10. Bc4 O-O 11. Bxf6 Bxf6 12. Nd5 Bxd5 {[%emt 0:00:18] B33: Sicilian: Pelikan and Sveshnikov Variations} (12... Bg5 13. O-O Kh8 14. c3 Rc8 15. Qe2 Qe8 16. b4 Ne7 17. Nb6 Rc6 18. a5 Bxc4 19. Naxc4 f5 20. exf5 Nxf5 21. Rad1 h5 22. Nd5 g6 23. Nd2 Bxd2 24. Rxd2 {½-½ (52) Kovchan,A (2546)-Timofeev,A (2558) St Petersburg 2002}) 13. Bxd5 Qc7 14. c3 Rfd8 15. O-O Rac8 $146 ({Predecessor:} 15... Rd7 16. Qd3 Ne7 17. Rfd1 Rc8 18. Rac1 Qd8 19. Nc4 Nxd5 20. Qxd5 {1-0 (80) Todorovic,N (1974)-Kovacevic,M (1802) Vrnjacka Banja 2012}) 16. Qe2 Ne7 17. Rfd1 Qb8 18. Rd3 b5 19. Nc2 bxa4 20. Ne3 Qb5 21. Qc2 Rb8 22. Rd2 Bg5 23. Qxa4 Nxd5 24. Qxb5 Rxb5 25. exd5 a5 26. c4 Rb4 27. Rxa5 Bxe3 28. fxe3 Rxc4 29. h3 g6 30. Kh2 Kg7 31. Ra7 Kg8 32. g4 Rdc8 33. Rf2 R4c7 34. Ra6 Rc2 35. Kg3 Rxf2 36. Kxf2 Rc2+ 37. Kf3 Rxb2 38. Rxd6 Kf8 39. Rd8+ Ke7 40. Rh8 Rb5 41. Ke4 Rb4+ 42. Kf3 Rb5 43. Rxh7 Rxd5 44. h4 Kf6 45. h5 gxh5 46. gxh5 Ra5 47. Rh8 Kg7 48. Re8 Kf6 49. Rg8 Ra1 50. Kg2 Ra2+ 51. Kg3 Ra1 52. Rg4 Rh1 53. Rh4 Rg1+ 54. Kf3 Rg8 55. Ke4 Ra8 56. Kf3 Kg5 57. Rh1 f5 58. h6 Rh8 59. h7 Kg6 60. Rg1+ Kxh7 61. Rg5 Rf8 62. Kg3 $11 Kh6 63. Kh4 f4 64. exf4 exf4 65. Rg2 1/2-1/2

[Event "3rd FIDE WCCC Rapid U12 2019"]
[Site "Minsk"]
[Date "2019.08.16"]
[Round "4.1"]
[White "Krivenko, Dmitry"]
[Black "Cherniaiev, Tykhon"]
[Result "0-1"]
[ECO "E05"]
[WhiteElo "1940"]
[BlackElo "2112"]
[Annotator "ChessBase"]
[PlyCount "116"]
[EventDate "2019.08.16"]
[EventType "swiss"]
[EventCountry "BLR"]
[SourceTitle "playchess.com"]
[Source "ChessBase"]
[SourceQuality "1"]
[TimeControl "600+5"]

1. d4 d5 2. c4 dxc4 3. Nf3 Nf6 4. g3 e6 5. Bg2 Be7 6. O-O O-O 7. Na3 c5 8. Nxc4 Nc6 9. dxc5 Bxc5 10. Bg5 Qe7 11. Nfe5 Nxe5 12. Nxe5 h6 13. Bxf6 Qxf6 14. Nc4 Rb8 15. Qb3 b6 16. Nd2 Be7 17. Rac1 Ba6 18. Bf3 Rfc8 19. Rxc8+ Bxc8 20. Rc1 Qd4 21. Qc3 Qxc3 22. Rxc3 Bb4 23. Rc2 Ba6 24. Nb3 Rc8 25. Rxc8+ Bxc8 26. Nd4 a5 27. Nc6 Bf8 28. Ne5 Bd6 29. Nc4 Bc5 30. a3 Ba6 31. Nd2 f5 32. e4 Kf7 33. exf5 exf5 34. Bd5+ Kf6 35. Nc4 g5 36. Kg2 a4 37. f4 Bd4 38. Kf3 b5 39. Nd2 Bxb2 40. Nb1 Bc1 41. h4 g4+ 42. Kf2 Ke7 43. Bc6 Kd6 44. Be8 Bb2 45. Ke3 Kc5 46. Bf7 Bd4+ 47. Ke2 b4+ 48. Ke1 b3 49. Be6 Bd3 50. Nd2 b2 51. Kd1 b1=Q+ 52. Nxb1 Bxb1 53. h5 Bb2 54. Kd2 Bxa3 55. Bf7 Bb4+ 56. Kc1 Be4 57. Kb2 a3+ 58. Ka1 Bd5 0-1

[Event "3rd FIDE WCCC Rapid U12 2019"]
[Site "Minsk"]
[Date "2019.08.16"]
[Round "4.2"]
[White "Saveljev, Ivan"]
[Black "Siniukovich, Ivan"]
[Result "1-0"]
[ECO "C02"]
[WhiteElo "2040"]
[BlackElo "1685"]
[Annotator "NA"]
[PlyCount "51"]
[EventDate "2019.08.16"]
[EventType "swiss"]
[EventCountry "BLR"]
[SourceTitle "playchess.com"]
[Source "ChessBase"]
[SourceQuality "1"]
[TimeControl "600+5"]

1. e4 e6 2. d4 d5 3. e5 c5 4. c3 Nc6 5. Nf3 Qb6 6. a3 cxd4 7. cxd4 Nh6 8. b4 Nf5 9. Be3 Be7 10. Bd3 O-O 11. O-O Bd7 12. Nc3 Nxe3 13. fxe3 Rac8 14. Na4 Qd8 15. Nc5 b6 16. Nxd7 Qxd7 17. Rc1 Nb8 18. Rc2 Rxc2 19. Qxc2 h6 20. Rc1 a5 21. Qc3 Qa4 22. Rb1 Nd7 23. bxa5 Qxa5 24. Qxa5 bxa5 25. Rb7 Rd8 26. Bb5 1-0

[Event "3rd FIDE WCCC Rapid U12 2019"]
[Site "Minsk"]
[Date "2019.08.16"]
[Round "4.3"]
[White "Kurchenko, Egor"]
[Black "Sidletskyi, Ivan"]
[Result "0-1"]
[ECO "B50"]
[WhiteElo "1850"]
[BlackElo "1986"]
[Annotator "NA"]
[PlyCount "47"]
[EventDate "2019.08.16"]
[EventType "swiss"]
[EventCountry "BLR"]
[SourceTitle "playchess.com"]
[Source "ChessBase"]
[SourceQuality "1"]
[TimeControl "600+5"]

1. e4 c5 2. Nf3 d6 3. d4 Nf6 4. Bd3 cxd4 5. Nxd4 g6 6. O-O Bg7 7. c3 O-O 8. Bc2 Nc6 9. f4 Qb6 10. Kh1 e5 11. Nxc6 Qxc6 12. fxe5 dxe5 13. Qe1 b5 14. Bg5 h6 15. Bh4 Bb7 16. Nd2 b4 17. cxb4 g5 18. Rc1 gxh4 19. Qxh4 Rad8 20. Bb3 Qd7 21. Rcd1 Qg4 22. Qxg4 Nxg4 23. Kg1 Ne3 24. Nb1 0-1